 Dungeon Crawl Stone Soup version 0.30.0-29-ga12c61a403 (webtiles) character file.

Game seed: 8448777075707695245

32 Bamboolord the Scratcher (level 3, -2/22 HPs)
             Began as a Felid Transmuter on June 18, 2023.
             Slain by Natasha (5 damage)
             ... on level 2 of the Dungeon.
             The game lasted 00:03:02 (937 turns).

Bamboolord the Scratcher (Felid Transmuter)          Turns: 937, Time: 00:03:02

Health: -2/22      AC: 21    Str:  6    XL:     3   Next: 8%
Magic:  7/7        EV:  4    Int: 16    God:
Gold:   69         SH:  0    Dex: 16    Spells: 0/6 levels left
                                        Lives:  0   Deaths: 0

rFire   . .          .
                       - Unarmed
rCold   . . .        (shield unavailable)
rNeg    . . .        (body armour unavailable)
rPois   +            (helmet unavailable)
rElec   .            (cloak unavailable)
rCorr   .            (gloves unavailable)
SInv    +            (boots unavailable)
Will    .....        (no amulet)
Stlth   ++           (no ring)
HPRegen 0.23/turn    (no ring)
MPRegen 0.10/turn

%: no passive effects
@: tree-form, attractive
A: stationary, stasis, torment immunity, boosted hp, very small, (claws 1),
(fangs 3), see invisible, (speed 1), (shaggy fur 1), (stealthy paws), no weapons
or thrown items, no armour, multi-lived
a: no special abilities


You were on level 2 of the Dungeon.
You were a tree.
You visited 1 branch of the dungeon, and saw 2 of its levels.

You collected 69 gold pieces.

Inventory:

Scrolls
 c - a scroll of amnesia {unknown}
 e - a scroll of identify {unknown}


   Skills:
 * Level 1.5 Fighting
 * Level 2.8 Dodging
 * Level 0.9 Stealth
 * Level 3.3 Unarmed Combat
 * Level 2.3 Spellcasting
 * Level 2.5 Transmutations


You couldn't memorise any spells.
You knew the following spells:

 Your Spells              Type           Power      Damage    Failure   Level
a - Beastly Appendage     Tmut           20%        N/A       7%          1
b - Wereblood             Tmut           10%        N/A       11%         2
c - Spider Form           Tmut/Pois      6%         N/A       34%         3

Your spell library contained the following spells:

 Spells                   Type           Power      Damage    Failure   Level
 Ice Form                 Ice/Tmut       6%         N/A       75%         4


Dungeon Overview and Level Annotations

Branches:
Dungeon (2/15)

Altars:

Annotations:
D:2 Natasha


Innate Abilities, Weirdness & Mutations

You are a tree.
Your roots penetrate the ground, keeping you stationary.
You cannot be teleported.
You are immune to unholy pain and torment.
Your maximum health is greatly increased.
((You have sharp claws.))
((You have razor-sharp teeth.))
You have supernaturally acute eyesight. (SInv)
((You cover ground quickly. (Speed+)))
((You are covered in fur. (AC +1)))
((Your paws help you pounce on unaware monsters.))
You are incapable of wielding weapons or throwing items.
You cannot wear armour.
You gain extra lives every three experience levels.


Message History

You grow a pair of large bovine horns.
You pounce on the unaware helpless hobgoblin!
You claw the hobgoblin!
You kill the hobgoblin!
No target in view!
No target in view!
No target in view!
No target in view!
No target in view!
No target in view!
No target in view!
No target in view!
No target in view!
No target in view!
No target in view!
No target in view!
No target in view!
Your transformation is almost over.
Natasha and a dart slug come into view.
There are monsters nearby!
Natasha hisses angrily.
Natasha stares at you and mumbles some strange words.
The magic dart hits you! The dart slug launches a dart at you.
The slug dart hits you.
* * * LOW HITPOINT WARNING * * *
You are too injured to fight recklessly!
Unknown command.
It was a potion of attraction.
You feel attractive to monsters. The dart slug is attracted toward you.
Really quaff the potion of lignification?
Okay, then.
It was a potion of flight.
You feel very buoyant.
You fly up into the air.
Natasha completely misses you.
Really quaff the potion of lignification?
Your horns disappear.
You turn into a tree.
Your roots penetrate the ground.
Natasha claws you.
You die...

.....### ####....
###.. #... ##.[ #
#.. ###.# #.#
......##### #..
#..wh♣..####### #..
#######.......# ##.
##...†....#.. ##
###..>###..## ..
......# #...# .<.
###...###.#...# #.##
##......##### #.
#####....######## #
#.......#.###...####


You could see Natasha and a dart slug.

Vanquished Creatures
  5 ball pythons (D:1)
  3 bats (D:1)
  3 endoplasms
  A giant cockroach (D:1)
  2 goblins (D:1)
  7 hobgoblins
  2 frilled lizards (D:1)
  2 kobolds
  3 rats (D:1)
28 creatures vanquished.

Notes
Turn   | Place    | Note
-------+----------+-------------------------------------------
     0 | D:1      | Bamboolord the Felid Transmuter began the quest for the
                  | Orb.
     0 | D:1      | Reached XP level 1. HP: 9/9 MP: 4/4
   211 | D:1      | Reached XP level 2. HP: 5/12 MP: 4/6
   821 | D:2      | Learned a level 2 spell: Wereblood
   871 | D:2      | Reached XP level 3. HP: 14/15 MP: 4/7
   875 | D:2      | Learned a level 3 spell: Spider Form
   932 | D:2      | Noticed Natasha
   937 | D:2      | Slain by Natasha

Illustrated notes

Levels and vault maps discovered:
D:1:      zelgadis_glass_arrival_large, layout_loops_ring, hex_medium,
          st_stairs_9
D:2:      layout_loops_ring, dilly_ecumenical_altar_fadedgnrine, minivault_25,
          minivault_26, uniq_natasha

Action                     || total
---------------------------++-------
  Melee: Unarmed           ||    57
         Bite              ||     8
         Headbutt          ||     7
         Punch             ||     3
   Cast: Beastly Appendage ||    17
    Use: Potion            ||     3
   Stab: Sleeping          ||     3
 Armour: Skin              ||     5
  Dodge: Dodged            ||    38
